 Dungeon Crawl Stone Soup version 0.31-a0-1072-g202bf7ea07 (webtiles) character file.

Game seed: 12113061446924966549

107 Azuregosa the Covert (level 4, -2/31 HPs)
             Began as an Octopode Delver on Nov 26, 2023.
             Killed from afar by Sigmund (7 damage)
             ... with a puff of flame
             ... on level 2 of the Dungeon.
             The game lasted 00:06:42 (1707 turns).

Azuregosa the Covert (Octopode Delver)              Turns: 1707, Time: 00:06:43

Health: -2/31      AC:  1    Str: 11    XL:     4   Next: 85%
Magic:  4/4        EV: 13    Int: 14    God:
Gold:   136        SH:  0    Dex: 13    Spells: 0/3 levels left

rFire   . . .        q - +0 whip (vamp)
rCold   . . .        (no shield)
rNeg    . . .        (helmet restricted)
rPois   .            (no amulet)
rElec   .            (no ring)
rCorr   .            (no ring)
SInv    .            (no ring)
Will    .....        (no ring)
Stlth   +++++        (no ring)
HPRegen 0.25/turn    (no ring)
MPRegen 0.09/turn    (no ring)
                     (no ring)

%: no passive effects
@: no status effects
A: almost no armour, amphibious, 8 rings, camouflage 1, gelatinous body 1,
(nimble swimmer 1), tentacles
a: no special abilities


You were on level 2 of the Dungeon.
You visited 1 branch of the dungeon, and saw 5 of its levels.

You collected 136 gold pieces.

Inventory:

Hand Weapons
 q - a +0 vampiric whip (weapon)
Missiles
 h - 18 stones
Talismans
 k - a blade talisman
Wands
 e - a wand of digging (2)
Scrolls
 a - a scroll of fog
 c - a scroll of fear
 g - a scroll of teleportation {unknown}
 i - a scroll of silence {unknown}
 j - a scroll of identify {unknown}
 o - a scroll of blinking {unknown}
Potions
 b - 4 potions of lignification {unknown}
 d - a potion of haste
 f - a potion of heal wounds {unknown}
 l - 2 potions of degeneration {unknown}
 m - a potion of might {unknown}
 n - a potion of curing {unknown}
 p - a potion of invisibility {unknown}


   Skills:
 - Level 3.0 Fighting
 - Level 2.0 Dodging
 + Level 9.3 Stealth
 - Level 2.0 Unarmed Combat


You couldn't memorise any spells.
You knew the following spells:

 Your Spells              Type           Power      Damage    Failure   Level
a - Swiftness             Air            0%         N/A       65%         3

Your spell library contained the following spells:

 Spells                   Type           Power      Damage    Failure   Level
 Apportation              Tloc           0%         N/A       28%         1
 Ensorcelled Hibernation  Hex/Ice        0%         N/A       41%         2
 Jinxbite                 Hex            0%         N/A       41%         2
 Passwall                 Tmut/Erth      0%         N/A       41%         2
 Alistair's Intoxication  Tmut/Pois      0%         N/A       100%        5
 Iskenderun's Battlesphe  Conj           0%         2d6       100%        5
 Bombard                  Conj/Erth      0%         9d1       100%        6
 Spellforged Servitor     Conj/Summ      0%         N/A       100%        7


Dungeon Overview and Level Annotations

Branches:
Dungeon (5/15)
 Temple: D:4-7

Altars:
Trog

Annotations:
D:2 Sigmund
D:4 Eustachio


Innate Abilities, Weirdness & Mutations

You cannot wear most types of armour.
You are amphibious.
You can wear up to eight rings at the same time.
Your skin changes colour to match your surroundings (Stealth+).
Your rubbery body absorbs attacks. (AC +1, EV +1)
((You are camouflaged when in or above water. (Stealth+)))
You have tentacles for arms and can constrict up to eight enemies at once.


Message History

You see here a rat corpse.
Found a club.
You see here a +0 club.
You now have 136 gold pieces (gained 11).
You open the door.
There is an open door here.
You open the door.
There is an open door here.
Sigmund and an adder come into view.
Found 15 gold pieces.
A giant cockroach comes into view.
The helpless adder fails to defend itself.
You hit the adder. You grab the adder.
The adder is heavily wounded.
You constrict the adder. The adder barely misses you. The adder bites you.
You release your grip on the adder.
The adder attacks as it pursues you! The adder closely misses you.
The adder attacks as it pursues you! The adder bites you.
The adder attacks as it pursues you! The adder barely misses you.
Sigmund mumbles some strange words.
Sigmund flickers and vanishes!
Deactivating autopickup; reactivate with Ctrl-A.
The adder closely misses you.
You barely miss the adder. Your grab misses the adder.
Your squeeze misses the adder.
The adder is heavily wounded.
The adder barely misses you.
You barely miss the adder. Your grab misses the adder. You squeeze the adder.
You kill the adder!
You hear some strange, mumbled words.
A magic dart appears from out of thin air!
The magic dart hits you!
You closely miss something. Something hits you.
You barely miss something. Your squeeze misses something. Something hits you!
* * * LOW HITPOINT WARNING * * *
You hit something but do no damage.
You hear some strange, mumbled words.
A puff of flame appears from out of thin air!
The puff of flame hits you!
You die...

.########
..B.....# ##
######.#########
#.
..........{@....#
#.
#.#####.#######.#
#. #.. #.##
######. @.. #..#
#...... .....
##.### #......
#.....
#...###.....#
#......
###...#.....#
#$..
#######'#.....#
#.............#


There were no monsters in sight!

Vanquished Creatures
  A gnoll (D:1)
  5 adders
  A worm (D:2)
  2 dart slugs
  A bat (D:3)
  4 endoplasms
  4 giant cockroaches
  2 goblins (D:1)
  3 hobgoblins
  6 jackals (D:3)
  4 kobolds
  2 quokkas (D:2)
  A ball python (D:3)
  A frilled lizard (D:3)
  A jackal skeleton (D:3)
  6 rats
44 creatures vanquished.

Notes
Turn   | Place    | Note
-------+----------+-------------------------------------------
     0 | D:5      | Azuregosa the Octopode Delver began the quest for the Orb.
     0 | D:5      | Reached XP level 1. HP: 16/16 MP: 1/1
    33 | D:4      | Noticed Eustachio
    39 | D:4      | Noticed a steam dragon
    93 | D:5      | Noticed an iguana
   204 | D:3      | Reached skill level 7 in Stealth
   217 | D:3      | Reached XP level 2. HP: 21/21 MP: 2/2
   293 | D:3      | Reached XP level 3. HP: 10/26 MP: 3/3
   463 | D:3      | Found a faded altar of an unknown god.
   469 | D:3      | Reached skill level 8 in Stealth
   470 | D:3      | Found a bloodstained altar of Trog.
   658 | D:2      | Reached XP level 4. HP: 21/31 MP: 4/4
   825 | D:2      | Learned a level 3 spell: Swiftness
  1390 | D:1      | Reached skill level 9 in Stealth
  1694 | D:2      | Noticed Sigmund
  1707 | D:2      | Killed from afar by Sigmund

Illustrated notes

Levels and vault maps discovered:
D:1:      minmay_arrival_doors, layout_basic
D:2:      layout_basic, serial_shops, nicolae_shop_gibbet_a_chance, uniq_sigmund
D:3:      layout_basic, nicolae_overflow_ecumenical_swirl, serial_undead,
          serial_undead_e, serial_undead_b, serial_undead_e, serial_undead_b,
          serial_undead_e, serial_undead_a, st_stairs_14, uniq_jessica
D:4:      layout_cave_pods, mainiacjoe_overflow_brackets,
          minmay_temple_entry_mist, uniq_robin, uniq_eustachio
D:5:      layout_basic

Skill      XL: |  1  2  3  4 |
---------------+-------------+-----
Stealth        | 7 8 9 |  9.3
Fighting       | |  3.0
Dodging        | |  2.0
Unarmed Combat | |  2.0

Action                     |  1- 3 |  4- 6 || total
---------------------------+-------+-------++-------
  Melee: Unarmed           |    61 |    39 ||   100
         Constrict         |    14 |    10 ||    24
         Tentacles         |     9 |    10 ||    19
         Whip              |       |    15 ||    15
         Punch             |       |     1 ||     1
  Evoke: Wand              |     1 |       ||     1
    Use: Scroll            |     1 |       ||     1
   Stab: Sleeping          |     8 |    13 ||    21
 Armour: Skin              |    31 |    22 ||    53
  Dodge: Dodged            |    42 |    27 ||    69

Table legend: (Time is in decaauts)
 A = Elapsed time spent in this place.
 B = Non-inter-level travel time spent in this place.
 C = Inter-level travel time spent in this place.
 D = Time resting spent in this place.
 E = Time spent auto-exploring this place.
 F = Levels seen in this place.
 G = Mean time per level.
                   A        B        C        D        E       F      G
               +--------+--------+--------+--------+--------+-----+--------+
         Total |   1704 |   1686 |     18 |    143 |    908 |   5 |  340.8 |
       Dungeon |   1704 |   1686 |     18 |    143 |    908 |   5 |  340.8 |
               +--------+--------+--------+--------+--------+-----+--------+

Top non-repeatable levels by time:
     D:1: 674 daAuts
     D:3: 454 daAuts
     D:2: 405 daAuts
     D:5: 106 daAuts
     D:4: 64 daAuts
